 Dungeon Crawl Stone Soup version 0.24-a0-290-gbb66a67 (webtiles) character file.

Game seed: 5782119400061114273

252 mopl the Insei (level 5, -6/41 HPs)
             Began as a Mummy Monk on May 8, 2019.
             Mangled by an ogre
             ... wielding a +0 giant club
              (8 damage)
             ... on level 4 of the Dungeon.
             The game lasted 00:05:46 (4166 turns).

mopl the Insei (Mummy Monk)                         Turns: 4166, Time: 00:05:47

Health: -6/41      AC:  1    Str: 14    XL:     5   Next: 89%
Magic:  5/5        EV: 13    Int: 10    God:
Gold:   207        SH:  0    Dex: 15    Spells: 4/4 levels left

rFire    x . .     SeeInvis .     - Unarmed
rCold    + . .     Gourm    .   (no shield)
rNeg     + + +     Faith    .   (no armour)
rPois    ∞         Spirit   .   b - +0 helmet
rElec    .         Reflect  .   (no cloak)
rCorr    .         Harm     .   (no gloves)
MR       .....                  (no boots)
Stlth    ++........             (no amulet)
HPRegen  0.13/turn              (no ring)
MPRegen  0.09/turn              (no ring)

@: no status effects
A: no food or potions, fire vulnerability, cold resistance 1, negative energy
resistance 3, torment resistance, unbreathing
a: no special abilities


You were on level 4 of the Dungeon.
You were not hungry.

You visited 1 branch of the dungeon, and saw 4 of its levels.

You collected 207 gold pieces.

Inventory:

Armour
 b - a +0 helmet (worn)
 d - a +0 large shield
Scrolls
 a - a scroll of immolation
 f - 2 scrolls of enchant weapon {unknown}
 g - a scroll of teleportation {unknown}
 h - a scroll of random uselessness {unknown}
 i - a scroll of magic mapping {unknown}


   Skills:
 - Level 3.0 Fighting
 - Level 2.4 Dodging
 - Level 1.5 Stealth
 + Level 5.5 Unarmed Combat


You had 4 spell levels left.
You didn't know any spells.
Your spell library was empty.

Dungeon Overview and Level Annotations

Branches:
Dungeon (4/15)
 Temple: D:4-7

Altars:
Makhleb
Nemelex Xobeh
Ru
Uskayaw

Annotations:
D:2 Terence
D:4 1 runed translucent door, Aske's ghost, amateur HaBe


Innate Abilities, Weirdness & Mutations

You do not eat or drink.
Your flesh is vulnerable to fire.
You are immune to poison.
Your flesh is cold resistant. (rC+)
You are immune to negative energy. (rN+++)
You are immune to unholy pain and torment.
You can survive without breathing.


Message History

The ogre hits you with a +0 giant club!!
Ouch! That really hurt!
* * * LOW HITPOINT WARNING * * *
You are too injured to fight recklessly!
You are too injured to fight recklessly!
You hit the ogre but do no damage.
The ogre is heavily wounded.
You hit the ogre.
The ogre is heavily wounded.
The ogre misses you.
You hit the ogre.
The ogre is severely wounded.
The ogre hits you with a +0 giant club!
* * * LOW HITPOINT WARNING * * *
You barely miss the ogre.
The ogre is severely wounded.
You hit the ogre.
The ogre is almost dead.
The ogre hits you with a +0 giant club!
You die...

#......##...#
#......#............
#......#............
#......#............
#......#............
#......#............
#......##....###...#
#..O.).####+########
#..@...# #.[W#......
##.....+ #♣8♣#......
#.<...# ### #......
...........# ....##.....
...........##....##.....
........................
........................
....##...........##....#
.... #.....##....##....#


You could see an ogre.

Vanquished Creatures
  An ogre (D:4)
  2 worker ants (D:4)
  4 gnolls
  An adder (D:2)
  2 dart slugs
  2 leopard geckos (D:1)
  An orc (D:4)
  2 ball pythons
  A giant cockroach (D:1)
  5 hobgoblins
  14 jackals
  8 kobolds
  2 quokkas
  11 bats
  3 frilled lizards
  6 goblins
  7 rats (D:1)
72 creatures vanquished.

Notes
Turn   | Place    | Note
-------+----------+-------------------------------------------
     0 | D:1      | mopl the Mummy Monk began the quest for the Orb.
     0 | D:1      | Reached XP level 1. HP: 18/18 MP: 1/1
   465 | D:1      | Reached XP level 2. HP: 22/24 MP: 2/2
   478 | D:1      | Reached skill level 3 in Unarmed Combat
   935 | D:1      | Reached XP level 3. HP: 11/29 MP: 3/3
  1855 | D:2      | Noticed Terence
  1900 | D:2      | Found a faded altar of an unknown god.
  2034 | D:2      | Noticed a +0 dagger
  2035 | D:2      | Noticed a +0 dagger
  2039 | D:2      | Found a hide-covered altar of Uskayaw.
  2136 | D:3      | Reached skill level 4 in Unarmed Combat
  2138 | D:3      | Found a burning altar of Makhleb.
  2289 | D:3      | Reached XP level 4. HP: 20/35 MP: 4/4
  2833 | D:2      | Found a sparkling altar of Nemelex Xobeh.
  2833 | D:2      | Found a sacrificial altar of Ru.
  3292 | D:4      | Reached XP level 5. HP: 5/41 MP: 5/5
  3694 | D:4      | Reached skill level 5 in Unarmed Combat
  3897 | D:4      | Found a runed translucent door.
  3905 | D:4      | Noticed an ogre
  3912 | D:4      | Noticed Aske's ghost (amateur HaBe)
  3935 | D:4      | Killed an ogre
  4151 | D:4      | Noticed an ogre
  4164 | D:4      | HP: 1/41 [ogre/+0 giant club (11)]
  4166 | D:4      | Mangled by an ogre

Levels and vault maps discovered:
D:1:      dpeg_arrival_rhombus, layout_basic
D:2:      layout_rooms, dancing_weapons_uskayaw, nicolae_overflow_hidden_temple,
          chequers_ecumenical_altar_grove, uniq_crazy_yiuf_cottage, uniq_terence
D:3:      layout_loops_ring, bloody_makhleb
D:4:      layout_gridville, old_standard_altar, kennysheep_little_box,
          gammafunk_ghost_grave, cheibriados_altar_1

Skill      XL: |  1  2  3  4  5 |
---------------+----------------+-----
Unarmed Combat | 3 4 5 |  5.5
Fighting       | |  3.0
Dodging        | |  2.4
Stealth        | |  1.5

Action                   |  1- 3 |  4- 6 || total
-------------------------+-------+-------++-------
Melee: Unarmed           |   176 |   147 ||   323
       Punch             |     5 |     1 ||     6
  Use: Scroll            |       |     3 ||     3
 Stab: Sleeping          |     6 |     2 ||     8
Armor: Skin              |    12 |     5 ||    17
Dodge: Dodged            |   113 |    81 ||   194

Table legend:
 A = Non-vault XP
 B = Vault XP
 C = Vault XP percentage of total XP
 D = Non-vault monster count
 E = Vault monster count
 F = Vault count percentage of total count
                 A         B        C        D         E       F
            +---------+---------+-------+---------+---------+-------
      Total |     361 |       0 |   0.0 |      72 |       0 |   0.0
            +---------+---------+-------+---------+---------+-------
        D:1 |      46 |       0 |   0.0 |      29 |       0 |   0.0
        D:2 |      51 |       0 |   0.0 |      15 |       0 |   0.0
        D:3 |      75 |       0 |   0.0 |      20 |       0 |   0.0
        D:4 |     189 |       0 |   0.0 |       8 |       0 |   0.0
            +---------+---------+-------+---------+---------+-------
